 Dungeon Crawl Stone Soup version 0.30-a0-371-gad7725a93e (webtiles) character file.

Game seed: 17001371944185610937

145 sanka the Conjurer (level 5, -1/38 (41) HPs)
             Began as a Draconian Reaver on Nov 22, 2022.
             Slain by a jackal (3 damage)
             ... on level 3 of the Dungeon.
             The game lasted 00:05:00 (2983 turns).

sanka the Conjurer (Draconian Reaver)               Turns: 2983, Time: 00:05:01

HP:   -1/38 (41)    AC:  5    Str: 14    XL:     5   Next: 6%
MP:   15/17         EV: 12    Int: 16    God:
Gold: 169           SH:  0    Dex:  9    Spells: 5/8 levels left

rFire   . . .      SeeInvis +      - Unarmed
rCold   . . .      Faith    .    (no shield)
rNeg    . . .      Spirit   .    (body armour unavailable)
rPois   .          Reflect  .    (helmet restricted)
rElec   .          Harm     .    (no cloak)
rCorr   .          Rampage  .    (no gloves)
Will    .....                    (no boots)
Stlth   +.........               (no amulet)
HPRegen 0.26/turn                h - ring of magical power
MPRegen 0.15/turn                a - ring of see invisible

@: immotile, drained
A: AC +5, unfitting armour, cold-blooded
a: no special abilities


You were on level 3 of the Dungeon.
You visited 1 branch of the dungeon, and saw 3 of its levels.

You collected 169 gold pieces.


Innate Abilities, Weirdness & Mutations

Your plain brown scales are hard. (AC +5)
You cannot fit into any form of body armour.
You are cold-blooded and may be slowed by cold attacks.


   Skills:
 - Level 2.1 Fighting
 - Level 1.7 Dodging
 - Level 3.0 Unarmed Combat
 - Level 2.0 Spellcasting
 + Level 4.8 Conjurations
 - Level 2.0 Necromancy
 - Level 2.0 Translocations


You had 5 spell levels left.
You knew the following spells:

 Your Spells              Type           Power      Damage    Failure   Level
u - Momentum Strike       Conj/Tloc      24%        3d8       8%          2
y - Kiss of Death         Conj/Necr      48%        2d9       5%          1

Your spell library contained the following spells:

 Spells                   Type           Power      Damage    Failure   Level
 Hailstorm                Conj/Ice       9%         3d4       24%         3
 Gell's Gravitas          Tloc           8%         N/A       26%         3
 Teleport Other           Tloc           8%         N/A       26%         3
 Portal Projectile        Hex/Tloc       8%         N/A       38%         3
 Tukima's Dance           Hex            1%         N/A       52%         3
 Blade Hands              Tmut           0%         N/A       99%         5
 Dispersal                Tloc           4%         N/A       100%        6

Inventory:

Jewellery
 a - a ring of see invisible (right hand)
 h - a ring of magical power (left hand)
Scrolls
 b - a scroll of amnesia {unknown}
 e - a scroll of butterflies {unknown}
 f - a scroll of torment {unknown}
 g - a scroll of enchant weapon {unknown}
 i - a scroll of teleportation {unknown}
Potions
 c - a potion of brilliance {unknown}
 d - 2 potions of invisibility {unknown}

Dungeon Overview and Level Annotations

Branches:
Dungeon (3/15)

Altars:
Uskayaw
Zin

▒....~≈~.▒
▒....≈≈≈.▒
▒....~≈▒▒▒+▒
▒....~≈▒...▒▒▒▒▒▒▒▒
▒....~≈▒ogo▒.......
▒....~≈▒▒▒▒▒~~~≈~≈~
▒....≈≈≈≈≈≈~≈≈~~≈≈≈
▒....~~~≈≈≈~~~~≈~~~
▒.........dhh..P...
▒......P..†h.......
▒▒▒▒▒▒▒▒▒▒▒▒▒▒▒▒▒▒▒


You could see a howler monkey, a gnoll, an orc and 2 jackals.


Message History

Your tail-slap misses the howler monkey.
You punch the howler monkey.
The howler monkey is moderately wounded.
The howler monkey splashes around in the water.
The jackal bites you.
* * * LOW HITPOINT WARNING * * *
The jackal barely misses you.
You hit the howler monkey.
The howler monkey is severely wounded.
The jackal closely misses you. The howler monkey misses you.
The jackal bites you.
* * * LOW HITPOINT WARNING * * *
Unknown command.
You closely miss the howler monkey.
Your tail-slap misses the howler monkey.
The howler monkey is severely wounded.
The jackal bites you.
* * * LOW HITPOINT WARNING * * *
The jackal misses you. The howler monkey hits you.
* * * LOW HITPOINT WARNING * * *
The jackal bites you but does no damage.
Aiming: Momentum Strike (safe; 8% risk of failure)
Aim: a howler monkey (severely wounded, 68% to hit)
The concentrated momentum hits the howler monkey!
The howler monkey dies!
You are unable to move.
The jackal bites you.
You die...

Action                   |  1- 3 |  4- 6 || total
-------------------------+-------+-------++-------
Melee: Unarmed           |   214 |   155 ||   369
       Tailslap          |    29 |    14 ||    43
       Punch             |     2 |     7 ||     9
 Cast: Momentum Strike   |     1 |     9 ||    10
       Kiss of Death     |       |     1 ||     1
 Stab: Sleeping          |     1 |       ||     1
Armor: Skin              |    67 |    70 ||   137
Dodge: Dodged            |   137 |   164 ||   301

Levels and vault maps discovered:
D:1:      dpeg_arrival_caged_fury, layout_basic
D:2:      layout_rooms, basic_altar
D:3:      lemuel_castle_with_subvaults [lemuel_castle_interior_carwin_3],
          layout_loops_ring, amcnicky_altar_gilded, serial_shops,
          nicolae_shop_waterfront, uniq_natasha, uniq_sigmund

Notes
Turn   | Place    | Note
-------+----------+-------------------------------------------
     0 | D:1      | sanka the Draconian Reaver began the quest for the Orb.
     0 | D:1      | Reached XP level 1. HP: 17/17 MP: 3/3
     1 | D:1      | Found a runed translucent door.
    93 | D:1      | Reached XP level 2. HP: 21/24 MP: 5/5
    98 | D:1      | Learned a level 2 spell: Momentum Strike
   139 | D:1      | Reached skill level 1 in Necromancy
   139 | D:1      | Reached skill level 1 in Translocations
   492 | D:1      | Reached XP level 3. HP: 24/29 MP: 6/6
  1695 | D:2      | Found a hide-covered altar of Uskayaw.
  1819 | D:2      | Reached XP level 4. HP: 31/36 MP: 4/7
  1863 | D:2      | Reached skill level 2 in Translocations
  2013 | D:2      | Reached skill level 2 in Necromancy
  2178 | D:3      | Reached skill level 4 in Conjurations
  2284 | D:3      | Found a glowing silver altar of Zin.
  2789 | D:3      | Reached XP level 5. HP: 20/38 MP: 8/8
  2893 | D:3      | Noticed Natasha
  2896 | D:3      | Killed Natasha
  2982 | D:3      | HP: 2/38 [howler monkey (3)]
  2983 | D:3      | Slain by a jackal

Vanquished Creatures
  An orc priest (D:3)
  2 adders
  4 gnolls
  2 worms
  2 dart slugs (D:1)
  3 orcs (D:3)
  4 ball pythons
  6 bats
  8 endoplasms
  5 giant cockroaches
  6 goblins
  6 hobgoblins
  16 jackals
  3 kobolds
  2 quokkas (D:1)
  2 frilled lizards
  14 rats
86 creatures vanquished.

Vanquished Creatures (others)
  A howler monkey (D:3)
  Natasha (D:3)
  A gnoll (D:2)
  An adder (D:2)
4 creatures vanquished.

Grand Total: 90 creatures vanquished
